 Dungeon Crawl Stone Soup version 0.16-a0-764-g7febf84 (webtiles) character file.

1067614 MackTheKnife the Octopoid Ballista (level 27, -14/217 HPs)
             Began as an Octopode Berserker on Sept 24, 2014.
             Was the Champion of the Shining One.
             Killed by divine providence
             ... invoked by a balrug
              (15 damage)
             ... on Level 7 of Gehenna.
             The game lasted 05:58:54 (92251 turns).

MackTheKnife the Octopoid Ballista (OpBe)          Turns: 92251, Time: 05:58:55

HP -14/217       AC 17     Str 17 (19) XL: 27
MP   0/45        EV 39     Int 16      God: the Shining One [******]
Gold 10269       SH 19     Dex 21      Spells:  4 memorised, 12 levels left

rFire  + + +     SeeInvis .     b - +9 Blessed Scourge
rCold  + + +     Clarity  .     x - +5 shield {rPois}
rNeg   + + +     rCorr    .     z - +2 hat of the Bear Spirit {Spirit, +Rage rN+ MR++}
rPois  +         rRot     .     O - amulet of resist mutation
rElec  .         Spirit   +     n - ring of the Dozen Dances {+Fly rF+ rN+ Slay+5}
SustAb .         Warding  .     u - ring of regeneration
rMut   +         NoTele   +     i - ring "Vuimnae" {rPois AC+5}
Gourm  .                        P - ring of Visaisas {-Tele AC+5 Slay+2}
MR     +++++                    U - ring of Fiagod {rC++ EV+5 Dex+4 Stlth+}
                                I - ring of Ghonwal {rPois rC++ MR+ Int+4}
                                Z - +4 ring of slaying
                                c - ring of Pride {rPois rF++}

@: very slightly contaminated, hasted, glowing, very quick, almost entirely
resistant to hostile enchantments, fairly stealthy
A: almost no armour, amphibious, 8 rings, constrict 8, iridescent scales 1,
camouflage 2, clumsy 1, deformed body, screaming 1, gelatinous body 1
a: Divine Shield, Cleansing Flame, Summon Divine Warrior, Renounce Religion,
Evoke Berserk Rage, Evoke Flight
}: 11/15 runes: serpentine, barnacled, slimy, silver, bone, abyssal, demonic,
glowing, magical, fiery, dark


You were on level 7 of Gehenna.
You worshipped the Shining One.
The Shining One was exalted by your worship.
You were very hungry.

You visited 15 branches of the dungeon, and saw 79 of its levels.
You visited Pandemonium 1 time, and saw 33 of its levels.
You visited the Abyss 2 times.
You visited 1 bazaar.
You also visited: Ice Cave and Volcano.

You collected 12433 gold pieces.
You spent 2164 gold pieces at shops.


Innate Abilities, Weirdness & Mutations

You cannot wear most types of armour.
You are amphibious.
You can wear up to eight rings at the same time.
You can use your tentacles to constrict many enemies at once.
Your skin blends seamlessly with your surroundings (Stealth).
Your rubbery body absorbs attacks (AC +1).
You are partially covered in iridescent scales (AC +4).
You are clumsy. (Dex -2)
Your body is misshapen.
You occasionally shout uncontrollably at your foes.


   Skills:
 + Level 25.3 Fighting
 - Level 17.0 Maces & Flails
 O Level 27 Throwing
 - Level 24.0 Dodging
 - Level 8.2 Stealth
 - Level 15.0 Shields
 - Level 17.0 Charms
 O Level 27 Invocations
 - Level 8.0 Evocations


You had 12 spell levels left.
You knew the following spells:

 Your Spells              Type           Power        Failure   Level  Hunger
c - Spectral Weapon       Hex/Chrm       ####....     1%          3    ####...
d - Repel Missiles        Chrm/Air       ####..       1%          2    ###....
f - Flight                Chrm/Air       ####......   1%          3    ####...
r - Haste                 Chrm           ######..     3%          6    #######

Inventory:

Hand weapons
 b - a +9 Blessed Scourge (weapon)
Missiles
 w - 71 javelins of returning (quivered)
 G - 19 steel javelins
Armour
 x - a +5 shield of poison resistance (worn)
 z - the +2 hat of the Bear Spirit (worn) {Spirit, +Rage rN+ MR++}
   (You found it on level 6 of the Pits of Slime)

   It protects you from negative energy.
   It affects your resistance to hostile enchantments.
   It lets you go berserk.
Magical devices
 e - a wand of heal wounds (5)
 m - a wand of disintegration (4)
 o - a wand of digging (7)
 q - a wand of disintegration (9)
 v - a wand of digging (15)
 y - a wand of digging (12)
 D - a wand of teleportation (3)
 F - a wand of disintegration (6)
Comestibles
 g - 32 meat rations
 S - 26 fruits
Scrolls
 a - a scroll of vulnerability
 d - 13 scrolls of identify
 h - a scroll of amnesia
 k - 8 scrolls of fog
 t - 9 scrolls of enchant armour
 A - 2 scrolls of silence
 B - 14 scrolls of fear
 K - 30 scrolls of remove curse
 L - 2 scrolls of holy word
 N - 4 scrolls of recharging
 T - 6 scrolls of blinking
 W - 13 scrolls of teleportation
 X - 6 scrolls of summoning
Jewellery
 c - the ring of Pride (on tentacle) {rPois rF++}
   (You found it on level 2 of the Depths)

   [ring of poison resistance]

   It greatly protects you from fire.
   It protects you from poison.
 f - an uncursed amulet of warding
 i - the ring "Vuimnae" (on tentacle) {rPois AC+5}
   (You acquired it in Pandemonium)

   [ring of protection]

   It affects your AC (+5).
   It protects you from poison.
 n - the ring of the Dozen Dances (left tentacle) {+Fly rF+ rN+ Slay+5}
   (You found it on level 2 of the Depths)

   [ring of flight]

   It affects your accuracy and damage with ranged weapons and melee attacks
   (+5).
   It protects you from fire.
   It protects you from negative energy.
   It lets you fly.
 u - a ring of regeneration (right tentacle)
 I - the ring of Ghonwal (on tentacle) {rPois rC++ MR+ Int+4}
   (You found it in Pandemonium)

   [ring of intelligence]

   It affects your intelligence (+4).
   It greatly protects you from cold.
   It protects you from poison.
   It affects your resistance to hostile enchantments.
 O - an amulet of resist mutation (around mantle)
 P - the ring of Visaisas (on tentacle) {-Tele AC+5 Slay+2}
   (You acquired it on level 3 of the Elven Halls)

   [ring of protection]

   It affects your AC (+5).
   It affects your accuracy and damage with ranged weapons and melee attacks
   (+2).
   It prevents most forms of teleportation.
 U - the ring of Fiagod (on tentacle) {rC++ EV+5 Dex+4 Stlth+}
   (You took it off a deep elf fighter on level 3 of the Elven Halls)

   [ring of evasion]

   It affects your evasion (+5).
   It affects your dexterity (+4).
   It greatly protects you from cold.
   It makes you more stealthy.
 Z - a +4 ring of slaying (on tentacle)
Potions
 l - 3 potions of cure mutation
 p - 3 potions of resistance
 r - 17 potions of curing
 H - 2 potions of might
 J - 4 potions of haste
 Q - 10 potions of agility
 R - 8 potions of restore abilities
 V - 4 potions of berserk rage
 Y - 2 potions of heal wounds

▒▒▒▒▒≈
▒££''···▒▒▒▒'£▒
▒▒▒▒▒≈
£''··)'2·'''▒
▒▒▒▒▒# ▒)·)''··'▒
▒▒▒▒ ▒·12▒ ▒▒▒
▒·22▒ ▒▒··▒ ▒▒'2▒
▒'D'▒ ▒·x▒▒
▒··▒▒▒▒▒▒▒▒▒▒▒▒▒▒▒▒
▒···▒▒'·······▒▒···
▒····'''······▒▒···
▒·····'▒▒·····▒▒···
▒▒▒▒▒▒▒▒▒▒▒▒''▒▒''▒
▒''▒▒)'▒ ▒···£·£▒
▒▒£···▒▒


You could see the Serpent of Hell, a Brimstone Fiend, 2 balrugs and 2 hellions.


Message History

Something smites you!
* * * LOW HITPOINT WARNING * * *
The balrug gestures at you.
The bolt of fire hits the hellion.
The hellion completely resists.
The bolt of fire hits you! You resist.
* * * LOW HITPOINT WARNING * * *
The hellion gestures at you.
The hellfire explodes!
The burst of hellfire engulfs you!
* * * LOW HITPOINT WARNING * * *
The burst of hellfire engulfs the Serpent of Hell.
The Serpent of Hell completely resists.
There is a huge open gate here.
Evoke which item? (* to show all) (? for menu, Esc to quit)
Zapping:
e - a wand of heal wounds (6)
Okay, then.
Unknown command.
Evoke which item? (* to show all) (? for menu, Esc to quit)
Zapping:
e - a wand of heal wounds (6)
You feel much better.
This wand has 5 charges left.
The hellion gestures at you.
The hellfire explodes!
The burst of hellfire engulfs you!
* * * LOW HITPOINT WARNING * * *
The burst of hellfire engulfs the Serpent of Hell.
The Serpent of Hell completely resists.
The balrug gestures at you. Something smites you!
* * * LOW HITPOINT WARNING * * *
The balrug gestures at you. Something smites you!
You die...

Action                   |  1- 3 |  4- 6 |  7- 9 | 10-12 | 13-15 | 16-18 | 19-21 | 22-24 | 25-27 || total
-------------------------+-------+-------+-------+-------+-------+-------+-------+-------+-------++-------
Melee: Mace              |    74 |   148 |    20 |       |       |       |       |       |       ||   242
       Flail             |       |       |    26 |       |       |       |       |       |       ||    26
       Whip              |       |       |   162 |   224 |       |       |       |       |     5 ||   391
       Dire flail        |       |       |       |   447 |  1586 |    77 |       |       |       ||  2110
       Demon whip        |       |       |       |       |       |  1435 |  2175 |  2137 |  1303 ||  7050
       Sacred scourge    |       |       |       |       |       |       |       |       |  3117 ||  3117
       Morningstar       |       |       |       |       |       |       |       |       |  1570 ||  1570
Throw: Tomahawk          |       |       |       |     3 |     2 |    49 |    84 |    90 |    11 ||   239
       Javelin           |       |       |       |       |       |       |       |       |   343 ||   343
 Cast: Haste             |       |       |       |       |       |       |       |       |    12 ||    12
       Flight            |       |       |       |       |       |       |       |       |     3 ||     3
       Spectral Weapon   |       |       |       |       |       |       |       |       |     3 ||     3
       Repel Missiles    |       |       |       |       |       |       |       |       |     2 ||     2
Invok: Berserk           |     3 |     7 |     7 |    14 |    21 |    10 |     7 |     5 |     1 ||    75
       Trog's Hand       |       |     3 |     3 |     4 |    20 |    37 |    12 |    14 |     3 ||    96
       Burn Spellbooks   |       |       |     1 |     5 |     2 |     6 |       |       |       ||    14
       Brothers in Arms  |       |       |       |     8 |     5 |     4 |     2 |     2 |       ||    21
       Cleansing Flame   |       |       |       |       |       |       |       |       |    68 ||    68
       Divine Shield     |       |       |       |       |       |       |       |       |     4 ||     4
       Summon Divine War |       |       |       |       |       |       |       |       |     4 ||     4
 Abil: Spit Poison       |       |       |       |     3 |       |     3 |       |       |       ||     6
Evoke: Wand              |       |     3 |    18 |    35 |    31 |    13 |     2 |    21 |    41 ||   164
       Horn of Geryon    |       |       |       |       |       |       |       |     1 |       ||     1
  Use: Scroll            |     1 |    10 |     7 |    13 |     9 |    23 |    13 |    16 |    46 ||   138
       Potion            |       |       |     1 |    14 |     1 |    10 |     5 |     2 |    36 ||    69
 Stab: Sleeping          |     5 |     9 |     4 |    12 |    30 |    32 |    40 |    37 |    44 ||   213
       Confused          |       |       |       |     9 |       |       |       |       |     1 ||    10
       Distracted        |       |       |       |     2 |     3 |     8 |    11 |     2 |    26 ||    52
       Paralysed         |       |       |       |       |    13 |       |       |       |       ||    13
       Held in net/web   |       |       |       |       |       |       |       |       |     2 ||     2
       Fleeing           |       |       |       |       |       |       |       |       |     1 ||     1
  Eat: Chunk             |     4 |     7 |     4 |    23 |    34 |    18 |    13 |    23 |    18 ||   144
       Bread ration      |       |     2 |     3 |     5 |     5 |     6 |     3 |     2 |    21 ||    47
       Fruit             |       |       |     1 |     2 |       |     3 |     6 |       |     1 ||    13
       Meat ration       |       |       |       |     2 |     1 |     4 |     3 |       |     2 ||    12
       Royal jelly       |       |       |       |       |     2 |       |       |     1 |     6 ||     9
       Beef jerky        |       |       |       |       |       |     2 |     2 |     1 |     6 ||    11
       Pizza             |       |       |       |       |       |       |     1 |     3 |     8 ||    12

Vault maps used:
D:1:      lightli_arrival_noodles, serial_aquarium, aquarium_bridge_straight,
          aquarium_bridge_square, aquarium_window_fake, aquarium_window_fake,
          aquarium_window_3, aquarium_window_fake, aquarium_view_2e,
          aquarium_pool_split, nemelex_altar_shiori
D:2:      minmay_kobold_bridge, grunt_temple_overflow_open
D:3:      minmay_misc_feat_x, uniq_natasha
D:4:      vehumet_crystals
D:5:      first_bread, serial_shops, kennysheep_mini_moat,
          kennysheep_pointless_box, minmay_misc_feat_five,
          hangedman_decor_lopped, uniq_pikel, uniq_menkaure
D:6:      minmay_temple_entry_enclosed_plants, uniq_edmund
D:7:      lemuel_coloured_pillars_altar, grunt_livestock, tgw_fedhas,
          uniq_duvessa, uniq_iyjb, uniq_joseph
D:8:      lemuel_doored_altar, nicolae_dithmenos_the_darkroom
D:9:      overflow_temple_1_default, minmay_orc_entry_temple_small,
          glass_columns_a, introduction_to_nature_2
D:11:     david_lair_generic, serial_co_window_serial, co_window_corner_a,
          co_window_paths_b, co_window_paths_a, co_window_paths_a,
          co_window_corner_a, co_window_corner_ca, co_window_corner_b,
          co_window_unsneaky_path_e, co_window_corner_b, co_window_paths_e,
          co_window_paths_d
D:12:     minmay_textured_paths, serial_shops, bzr_entry_road, shop
D:13:     eino_small_chamber_without_monster, kennysheep_dice
D:14:     david_vaults_3, serial_park_tiny_pond, serial_shops,
          kennysheep_little_box, uniq_rupert, uniq_erica
D:15:     hangedman_depths_entry_civil_slaughter, serial_bayou_pond_c,
          uniq_josephine
Temple:   zaba_magenta_temple_12
Orc:1:    basic_altar, lightli_orcish_oven
Orc:2:    basic_altar
Orc:3:    serial_shops, shop_fountains, shop, nicolae_orc_pool_cavern
Orc:4:    nicolae_orc_accident_3, serial_shops, shop_coins, st_orc_ogre_mass,
          nicolae_orc_lava_tube, guppyfry_orc_lava_fort, uniq_sonja
Elf:1:    elf_arrival_002, serial_shops, shop, shop, nicolae_shop_statue_plus,
          minmay_elf_demonology, minmay_fountain_box, minivault_25_ag,
          uniq_roxanne
Elf:2:    minivault_24, st_stairs_4
Elf:3:    minmay_elf_hall_dome, grunt_megastairs_4, uniq_mara
Lair:1:   enter_volcano_1, minmay_lair_goldilocks, grunt_megastairs_2,
          infiniplex_staircase_pool
Lair:2:   gammafunk_lair_bear_cave
Lair:3:   serial_bayou_lake_a
Lair:4:   portal_ice_cave_entry_pillars_02, special_room, serial_bayou_shore_b
Lair:5:   minmay_lair_oklob_chamber, minmay_snake_entry_guardpost_small,
          special_room
Lair:6:   minmay_shoals_entry_beasts, dpeg_slime_entry_corner,
          nicolae_lair_yak_garden, serial_bayou_shore_b, grunt_megastairs_3,
          serial_bayou_shore_a, uniq_fannar
Lair:8:   minmay_lair_end_enchanted_forest
Shoals:1: serial_shops, nicolae_shop_crystal, uniq_snorg
Shoals:2: uniq_nessos, uniq_polyphemus
Shoals:3: st_sunken_huts, uniq_agnes
Shoals:5: shoals_end_simple, shoals_ilsuiw_alternative, uniq_nikola, uniq_aizul
Snake:1:  nicolae_snake_double_loop, serial_bayou_ford_a, grunt_ministairs_15
Snake:2:  uniq_wiglaf
Snake:3:  nicolae_coiled_stairwell_up
Snake:4:  cheibrodos_snake_lava_hold
Snake:5:  grunt_snake_rune_spirals, grunt_ministairs_1
Vaults:1: nicolae_vaults_asterisk, vaults_dpeg_diagonal,
          ontoclasm_vaults_ring_square, hangedman_vaults_slice,
          nicolae_vaults_mini_display_case, vaults_dpeg_hooks, v_rooms_6,
          v_alt_pattern_1, nicolae_vaults_little_squares_2,
          hangedman_vaults_stream, nicolae_vaults_little_squares_1,
          ontoclasm_vaults_decontamination, dpeg_vaults_monster_box
Vaults:2: vaults_room_hallway, blue_anna_dwarven_crypt, vaults_room_door_ring,
          v_misc_14, nicolae_vaults_little_ls, ontoclasm_vaults_loading_screen,
          v_rooms_5, v_misc_28, v_misc_22, ontoclasm_vaults_chip,
          nicolae_vaults_three_branches, nicolae_vaults_shelves_hall
Vaults:3: nicolae_vaults_ring_of_whatevers, vaults_room_grunt_arrival_ludios,
          st_hourglassy, hangedman_vaults_stitches, v_misc_8,
          nicolae_vaults_puzzle_piece, nicolae_vaults_triangles,
          v_alt_pattern_5, nicolae_vaults_theta,
          nicolae_vaults_little_squares_6, serial_shops, shop
Vaults:4: v_misc_9, v_alt_pattern_3, hangedman_vaults_river_flow, v_misc_26,
          grunt_vaults_trifunnel, v_pattern_5, v_misc_1, vaults_dpeg_ring,
          serial_shops, shop
Crypt:1:  crypt_curse_skull, grunt_crypt_arrival_webbed, uniq_khufu
Crypt:2:  uniq_sojobo
Crypt:3:  grunt_crypt_end_deaths_head
Depths:1: pf_dread_powers_of_hell, evilmike_spriggan_trog_shrine, uniq_norris
Depths:2: hangedman_spin_cycle, hell_entry, serial_shops, uniq_asterion,
          uniq_jorgrun
Depths:3: cheibrodos_poisonous_passages, abyss_entry, grunt_pan_entry_zigzag,
          hell_entry, minmay_misc_feat_doors, kennysheep_generic_room_5
Depths:4: minmay_big_diamond_grid, rand_demon_pan_entry_4, abyss_entry,
          hell_entry, serial_shops, nicolae_shop_behind_doors, firewood_loft,
          basic_stair_grate_trap
Depths:5: grunt_zot_entry_tricorne, pf_hell_entry_tar_spiral, uniq_boris
Geh:7:    geh_grunt
Tar:3:    lemuel_elevator
Tar:5:    nicolae_tar_cuneiform_oil, nicolae_tar_cuneiform_bird,
          hangedman_tartarus_temple_path
Tar:6:    nicolae_tar_cuneiform_sun
Tar:7:    tar_grunt_ereshkigal, tar_grunt_big_loot, tar_grunt_small_loot,
          tar_grunt_small_loot, tar_grunt_small_loot, tar_grunt_decor_circle_5,
          tar_grunt_decor_circle_5, tar_grunt_small_decor_pillar,
          tar_grunt_small_decor_pillar, tar_grunt_decor_cross_diag,
          tar_grunt_decor_circle_5, tar_grunt_decor_cross_ortho,
          tar_grunt_small_decor_pillar, tar_grunt_small_decor_pillar,
          tar_grunt_small_decor_pillar, tar_grunt_small_decor_pillar,
          tar_grunt_small_decor_pillar, tar_grunt_decor_octagon_7,
          tar_grunt_small_decor_pillar, nicolae_tar_cuneiform_water
Zot:2:    lemuel_draconian_sentries_small
Zot:4:    stair_cage_line, bh_zot_levy_curve, lemuel_elevator
Abyss:2:  due_exit_kobolds
Abyss:3:  hangedman_classic_abyss_death
Pan:      grunt_pan_pentagram, rand_demon_2, nicolae_pan_mnolegish_2,
          nicolae_pan_glass_arcs, pan_blood_fountain, nicolae_pan_lom_lobonic_3,
          grunt_pan_frozen_over, nicolae_pan_sigil_obb, lemuel_hellion_island,
          evilmike_mini_pan_V, rand_demon_7, nicolae_pan_lom_lobonic_3,
          nicolae_pan_sigil_eeng, evilmike_mini_pan_corridor,
          pan_captured_pigsty, rand_demon_4, nicolae_pan_lom_lobonic_2,
          evilmike_mini_pan_diamond, rand_demon_7, enter_ziggurat_pan_a,
          rand_demon_2, grunt_pan_pentagram, pan_blood_fountain,
          grunt_pan_pentagram, evilmike_mini_pan_doors_b,
          evilmike_mini_pan_thingy, nicolae_pan_mnolegish_1, lom_lobon_st,
          rand_demon_6, pan_blood_fountain, evilmike_holy_pan,
          evilmike_mini_pan_thingy, enter_ziggurat_pan_d, evilmike_mini_pan_T,
          pan_blood_fountain_small, lemuel_draining_boxes,
          pan_blood_fountain_small, evilmike_mini_pan_pillars,
          pan_blood_fountain_small, nicolae_pan_sigil_itan, lemuel_hall_of_pain,
          pan_blood_fountain_small, rand_demon_3, mnoleg_grunt, rand_demon_6,
          grunt_pan_in_and_out, uniq_ignacio, evilmike_mini_pan_other_thingy,
          pan_blood_fountain_small, gloorx_vloq_grunt, cerebov,
          pan_blood_fountain_small, evilmike_mini_pan_pillars,
          pan_blood_fountain_small, nicolae_pan_lom_lobonic_4,
          evilmike_mini_pan_layers, pan_blood_fountain, nicolae_pan_sigil_uleosi
Bazaar:   grunt_bazaar_doublecross
IceCv:    ice_cave_small_necro
Volcano:  volcano_bunker

Notes
Turn   | Place    | Note
--------------------------------------------------------------
     0 | D:1      | MackTheKnife, the Octopode Berserker, began the quest for the Orb.
     0 | D:1      | Reached XP level 1. HP: 16/16 MP: 1/1
   331 | D:1      | Reached XP level 2. HP: 21/21 MP: 2/2
   387 | D:1      | Reached skill level 4 in Maces & Flails
   396 | D:1      | Reached XP level 3. HP: 26/26 MP: 3/3
   399 | D:1      | Acquired Trog's second power
   770 | D:1      | Found a sparkling altar of Nemelex Xobeh.
  1242 | D:2      | Reached XP level 4. HP: 22/31 MP: 4/4
  1495 | D:2      | Reached skill level 5 in Maces & Flails
  1646 | D:2      | Found a shadowy altar of Dithmenos.
  1670 | D:2      | Found a sacrificial altar of Ru.
  1671 | D:2      | Found a bloodstained altar of Trog.
  2352 | D:3      | Reached XP level 5. HP: 36/36 MP: 5/5
  2464 | D:3      | Acquired Trog's third power
  2580 | D:3      | Received a gift from Trog
  3000 | D:3      | Noticed Natasha
  3299 | D:3      | Killed Natasha
  3299 | D:3      | Reached skill level 6 in Maces & Flails
  3498 | D:3      | Reached XP level 6. HP: 19/42 MP: 6/6
  3909 | D:4      | Found a radiant altar of Vehumet.
  4077 | D:4      | Reached skill level 7 in Maces & Flails
  4293 | D:4      | Reached XP level 7. HP: 41/46 MP: 7/7
  4512 | D:5      | Entered Level 5 of the Dungeon
  4594 | D:5      | Reached skill level 1 in Shields
  4681 | D:5      | Noticed Menkaure
  4690 | D:5      | Killed Menkaure
  4708 | D:5      | Reached skill level 4 in Fighting
  4708 | D:5      | Reached skill level 4 in Dodging
  4708 | D:5      | Reached skill level 2 in Shields
  4897 | D:5      | Reached XP level 8. HP: 51/54 MP: 8/8
  4951 | D:5      | Noticed Pikel
  4954 | D:5      | Killed Pikel
  4954 | D:5      | Reached skill level 5 in Fighting
  4954 | D:5      | Reached skill level 5 in Dodging
  4954 | D:5      | Reached skill level 3 in Shields
  5125 | D:5      | Reached skill level 4 in Shields
  5352 | D:5      | Found Ixiwop's Antique Armour Shoppe.
  5542 | D:5      | Received a gift from Trog
  5746 | D:6      | Reached XP level 9. HP: 51/62 MP: 9/9
  5814 | D:6      | Reached skill level 5 in Shields
  5891 | D:6      | Reached skill level 6 in Fighting
  5891 | D:6      | Reached skill level 6 in Dodging
  5980 | D:6      | Noticed Edmund
  5991 | D:6      | Killed Edmund
  6183 | D:6      | Found a staircase to the Ecumenical Temple.
  6194 | Temple   | Entered the Ecumenical Temple
  6537 | D:7      | Noticed Joseph
  6548 | D:7      | Killed Joseph
  6552 | D:7      | Reached skill level 7 in Fighting
  6790 | D:7      | Found a white marble altar of Elyvilon.
  6830 | D:7      | Noticed Ijyb
  6834 | D:7      | Reached skill level 7 in Dodging
  6836 | D:7      | Killed Ijyb
  6853 | D:7      | Noticed Duvessa
  6853 | D:7      | Noticed Dowan
  6856 | D:7      | Killed Dowan
  6860 | D:7      | Killed Duvessa
  7124 | D:7      | Reached skill level 1 in Evocations
  7139 | D:7      | Found a blossoming altar of Fedhas.
  7151 | D:7      | Noticed an oklob plant
  7301 | D:7      | Reached skill level 2 in Evocations
  7431 | D:8      | Reached skill level 3 in Evocations
  7438 | D:8      | Reached XP level 10. HP: 63/72 MP: 14/16
  7479 | D:8      | Reached skill level 4 in Evocations
  7514 | D:8      | Found a burning altar of Makhleb.
  7715 | D:8      | Reached skill level 5 in Evocations
  7825 | D:8      | Received a gift from Trog
  7869 | D:8      | Found a shadowy altar of Dithmenos.
  8239 | D:9      | Reached skill level 6 in Evocations
  8280 | D:9      | Found a blossoming altar of Fedhas.
  8363 | D:9      | Found a staircase to the Orcish Mines.
  8476 | D:9      | Found a roughly hewn altar of Beogh.
  8483 | D:9      | Reached skill level 7 in Evocations
  8755 | D:9      | Found an ancient bone altar of Kikubaaqudgha.
  8943 | D:9      | Reached skill level 8 in Evocations
  9367 | D:5      | Reached skill level 8 in Maces & Flails
  9548 | D:10     | Entered Level 10 of the Dungeon
  9640 | D:10     | HP: 10/108 [something (6)]
  9934 | D:10     | Gained mutation: You have difficulty communicating with the divine. [potion of mutation]
  9934 | D:10     | Gained mutation: Potions and wands are less effective at restoring your health. [potion of mutation]
  9934 | D:10     | Gained mutation: Your spells are a little harder to cast, but a little more powerful. [potion of mutation]
  9935 | D:10     | Gained mutation: You are partially covered in iridescent scales (AC +4). [potion of mutation]
  9935 | D:10     | Gained mutation: You can spit poison. [potion of mutation]
 10121 | D:10     | Reached skill level 8 in Fighting
 10143 | D:10     | Reached skill level 8 in Dodging
 10433 | D:10     | HP: 1/72 [kobold/wand of cold (12)]
 10840 | D:10     | Received a gift from Trog
 10841 | D:10     | Got a pitted dire flail {god gift}
 10907 | D:10     | Identified the +5 dire flail of Existentialism {vamp, rC+ Stlth+} (Trog gifted it to you on level 10 of the Dungeon)
 11003 | D:10     | Noticed a hill giant
 11017 | D:10     | Killed a hill giant
 11017 | D:10     | Reached skill level 9 in Maces & Flails
 11171 | D:11     | Reached XP level 11. HP: 69/78 MP: 22/22
 11377 | D:11     | Noticed a hill giant
 11387 | D:11     | Reached skill level 10 in Maces & Flails
 11394 | D:11     | Noticed a hill giant
 11397 | D:11     | Killed a hill giant
 11444 | D:11     | Killed a hill giant
 11626 | D:11     | Found a staircase to the Lair.
 11626 | D:11     | Noticed an elephant
 11628 | D:11     | Noticed a hill giant
 11644 | D:11     | Killed a hill giant
 11644 | D:11     | Reached skill level 11 in Maces & Flails
 11679 | D:11     | Killed an elephant
 11950 | D:11     | Noticed a brown ugly thing
 11961 | D:11     | Killed a brown ugly thing
 12050 | D:11     | Noticed a hill giant
 12549 | D:11     | Killed a hill giant
 12549 | D:11     | Reached skill level 12 in Maces & Flails
 12720 | Lair:1   | Entered Level 1 of the Lair of Beasts
 12842 | Lair:1   | Found a dark tunnel.
 12851 | Volcano  | Entered a volcano
 13102 | Volcano  | Reached skill level 9 in Fighting
 13306 | Lair:1   | Received a gift from Trog
 13337 | Lair:1   | Reached skill level 9 in Dodging
 13468 | Lair:1   | Reached XP level 12. HP: 85/85 MP: 23/23
 13505 | Lair:1   | Noticed a six-headed hydra
 13508 | Lair:1   | Killed a six-headed hydra
 13706 | Lair:1   | Received a gift from Trog
 13964 | Lair:2   | Received a gift from Trog
 13991 | Lair:2   | Reached skill level 10 in Fighting
 14773 | Lair:3   | Reached skill level 10 in Dodging
 15872 | Lair:4   | Found a frozen archway.
 15876 | Lair:4   | Noticed a seven-headed hydra
 15883 | Lair:4   | Killed a seven-headed hydra
 15897 | IceCv    | Entered an ice cave
 15901 | IceCv    | Reached skill level 11 in Fighting
 16070 | IceCv    | Reached skill level 11 in Dodging
 16610 | IceCv    | Found an ancient bone altar of Kikubaaqudgha.
 16808 | IceCv    | Reached XP level 13. HP: 95/95 MP: 24/24
 17554 | Lair:4   | Noticed a six-headed hydra
 17561 | Lair:4   | Killed a six-headed hydra
 17612 | Lair:4   | Reached skill level 12 in Fighting
 17796 | Lair:4   | Reached skill level 12 in Dodging
 18215 | Lair:4   | Received a gift from Trog
 18216 | Lair:4   | Got a warped mace {god gift}
 18217 | Lair:4   | Identified the +2 mace "Lotadid" {vamp, Contam rF++ MR++} (Trog gifted it to you on level 4 of the Lair of Beasts)
 18821 | Lair:5   | Reached skill level 13 in Dodging
 18834 | Lair:5   | Found a staircase to the Snake Pit.
 20095 | Lair:6   | Reached skill level 14 in Dodging
 20355 | Lair:6   | Noticed Fannar
 20366 | Lair:6   | Killed Fannar
 20366 | Lair:6   | Reached XP level 14. HP: 104/104 MP: 25/25
 20627 | Lair:6   | Found a staircase to the Shoals.
 20892 | Lair:6   | Identified a scroll of acquirement
 21010 | Lair:6   | Found a staircase to the Slime Pits.
 21473 | Lair:7   | Received a gift from Trog
 21473 | Lair:7   | Reached skill level 13 in Fighting
 21741 | Lair:7   | Reached skill level 15 in Dodging
 21768 | Lair:7   | Got a smoking mace
 21769 | Lair:7   | Identified the cursed +3 mace "Trampyho" {venom, Stlth---} (You found it on level 7 of the Lair of Beasts)
 22323 | Lair:8   | Entered Level 8 of the Lair of Beasts
 22749 | Lair:8   | Received a gift from Trog
 22866 | Lair:8   | Received a gift from Trog
 22922 | Lair:8   | Reached skill level 14 in Fighting
 23335 | Lair:8   | Reached XP level 15. HP: 111/114 MP: 26/26
 23425 | Lair:8   | Reached skill level 16 in Dodging
 24097 | Orc:1    | Entered Level 1 of the Orcish Mines
 24435 | Orc:2    | Found a glowing golden altar of the Shining One.
 25264 | Orc:1    | Found a white marble altar of Elyvilon.
 25424 | Orc:3    | Found Lialonap's Antique Weapon Boutique.
 25493 | Orc:3    | Found Pydeblick's Weapon Shoppe.
 25653 | Orc:3    | Received a gift from Trog
 25702 | Orc:3    | Reached skill level 1 in Stealth
 25718 | Orc:3    | Reached skill level 2 in Stealth
 26108 | Orc:4    | Entered Level 4 of the Orcish Mines
 26108 | Orc:4    | Noticed Sonja
 26162 | Orc:4    | Killed Sonja
 26184 | Orc:4    | Reached skill level 3 in Stealth
 26202 | Orc:4    | Reached skill level 4 in Stealth
 26247 | Orc:4    | Reached skill level 5 in Stealth
 26306 | Orc:4    | Reached skill level 6 in Stealth
 26358 | Orc:4    | Found Joficiuc's Weapon Emporium.
 26388 | Orc:4    | Found a staircase to the Elven Halls.
 26699 | Orc:4    | Reached skill level 7 in Stealth
 26839 | Orc:4    | Reached skill level 8 in Stealth
 26861 | Orc:4    | Reached skill level 1 in Throwing
 27035 | Orc:4    | Reached skill level 2 in Throwing
 27135 | Orc:4    | Found Umeofrax's Antique Armour Shop.
 27137 | Orc:4    | Found Tuopnaih's Weapon Shoppe.
 27149 | Orc:4    | Found Ymiym's Weapon Shoppe.
 27149 | Orc:4    | Found Ejamayh's Distillery.
 27176 | Orc:4    | Reached skill level 3 in Throwing
 27184 | Orc:4    | Bought a potion of heal wounds for 45 gold pieces
 27198 | Orc:4    | Bought a potion of agility for 37 gold pieces
 27198 | Orc:4    | Bought a potion of curing for 30 gold pieces
 27198 | Orc:4    | Bought 2 potions of resistance for 210 gold pieces
 27198 | Orc:4    | Bought a potion of resistance for 105 gold pieces
 27212 | Orc:4    | Received a gift from Trog
 27268 | Elf:1    | Entered Level 1 of the Elven Halls
 27354 | Elf:1    | Reached skill level 4 in Throwing
 27370 | Elf:1    | Noticed a deep elf sorcerer
 27385 | Elf:1    | Killed a deep elf sorcerer
 27387 | Elf:1    | Reached skill level 5 in Throwing
 27519 | Elf:1    | Received a gift from Trog
 27526 | Elf:1    | Reached skill level 6 in Throwing
 27558 | Elf:1    | Found Egutsoagg's Gadget Emporium.
 27822 | Elf:1    | Reached skill level 7 in Throwing
 27950 | Elf:1    | Found Plaijapp's Armour Shoppe.
 27975 | Elf:1    | Reached XP level 16. HP: 120/120 MP: 27/27
 28058 | Elf:1    | Found Xepal's General Store.
 28086 | Elf:1    | Bought a scroll of fog for 32 gold pieces
 28086 | Elf:1    | Bought a scroll of identify for 32 gold pieces
 28143 | Elf:1    | Reached skill level 8 in Throwing
 28408 | Elf:1    | Noticed Roxanne
 28478 | Elf:2    | Reached skill level 15 in Fighting
 28480 | Elf:2    | Received a gift from Trog
 28512 | Elf:1    | Bought 3 scrolls of enchant weapon for 360 gold pieces
 30215 | Elf:2    | Reached skill level 17 in Dodging
 31003 | Elf:3    | Entered Level 3 of the Elven Halls
 31052 | Elf:3    | Noticed Ololoev's ghost (mighty OpIE)
 31074 | Elf:3    | Killed Ololoev's ghost
 31109 | Elf:3    | Noticed Herrn's ghost (mighty VSFi)
 31137 | Elf:3    | Reached skill level 16 in Fighting
 31192 | Elf:3    | Killed Herrn's ghost
 31697 | Elf:3    | Noticed Mara
 31704 | Elf:3    | Noticed MackTheKnife's illusion
 31733 | Elf:3    | Killed Mara
 31837 | Elf:3    | Reached XP level 17. HP: 130/130 MP: 9/28
 32181 | Elf:3    | Noticed a deep elf master archer
 32203 | Elf:3    | Killed a deep elf master archer
 32270 | Elf:3    | Noticed a deep elf blademaster
 32282 | Elf:3    | Killed a deep elf blademaster
 32515 | Elf:3    | Reached skill level 18 in Dodging
 32549 | Elf:3    | Received a gift from Trog
 32654 | Elf:3    | Reached skill level 17 in Fighting
 32670 | Elf:3    | Got a crude dagger
 32674 | Elf:3    | Noticed a deep elf blademaster
 32699 | Elf:3    | Killed a deep elf blademaster
 32841 | Elf:3    | Got a fine copper ring
 33394 | Elf:3    | Got a twitching brass ring
 33395 | Elf:3    | Identified the ring of Visaisas {-Tele AC+5 Slay+2} (You acquired it on level 3 of the Elven Halls)
 33397 | Elf:3    | Identified the ring of Fiagod {rC++ EV+5 Dex+4 Stlth+} (You took it off a deep elf fighter on level 3 of the Elven Halls)
 33963 | D:12     | Found Rusot's Distillery.
 33967 | D:12     | Bought a potion of haste for 98 gold pieces
 33967 | D:12     | Bought a potion of heal wounds for 42 gold pieces
 34055 | D:12     | Found a flickering gateway to a bazaar.
 34060 | Bazaar   | Entered a bazaar
 34073 | Bazaar   | Found Twaqog's Antique Armour Shoppe.
 34073 | Bazaar   | Found Lextiag's Weapon Shoppe.
 34113 | Bazaar   | Found Feydipat's Weapon Emporium.
 34113 | Bazaar   | Found Eclohuack's Food Emporium.
 34230 | D:12     | Bought a potion of beneficial mutation for 490 gold pieces
 34230 | D:12     | Bought a potion of agility for 35 gold pieces
 34230 | D:12     | Bought a potion of curing for 28 gold pieces
 34230 | D:12     | Bought a potion of resistance for 98 gold pieces
 34230 | D:12     | Bought a potion of curing for 28 gold pieces
 34230 | D:12     | Bought a potion of curing for 28 gold pieces
 34230 | D:12     | Bought a potion of curing for 28 gold pieces
 34230 | D:12     | Bought a potion of might for 35 gold pieces
 34230 | D:12     | Bought 2 potions of agility for 70 gold pieces
 34231 | D:12     | Gained mutation: Your skin blends seamlessly with your surroundings (Stealth). [potion of beneficial mutation]
 34684 | D:12     | Received a gift from Trog
 35532 | D:13     | Reached XP level 18. HP: 127/140 MP: 9/29
 35694 | D:13     | Received a gift from Trog
 35929 | D:14     | Found a gate to the Vaults.
 35929 | D:14     | Noticed Norris
 35929 | D:14     | Noticed Rupert
 36135 | D:14     | Found Plog's Armour Emporium.
 36167 | D:14     | Killed Rupert
 36167 | D:14     | Reached skill level 19 in Dodging
 36228 | D:14     | Reached skill level 18 in Fighting
 36242 | D:14     | Killed Norris
 36532 | D:14     | Received a gift from Trog
 36643 | D:14     | Noticed Erica
 36651 | D:14     | Killed Erica
 36722 | D:15     | Entered Level 15 of the Dungeon
 36755 | D:15     | Noticed Josephine
 36767 | D:15     | Killed Josephine
 37250 | D:15     | Found a staircase to the Depths.
 37886 | Snake:1  | Entered Level 1 of the Snake Pit
 38190 | Snake:1  | Received a gift from Trog
 38645 | Snake:2  | Reached skill level 9 in Throwing
 38746 | Snake:2  | Noticed Wiglaf
 38763 | Snake:2  | Killed Wiglaf
 39361 | Snake:3  | Reached skill level 10 in Throwing
 39763 | Snake:3  | Received a gift from Trog
 40444 | Snake:4  | Reached skill level 11 in Throwing
 40632 | Snake:4  | Received a gift from Trog
 40859 | Snake:4  | Reached XP level 19. HP: 127/147 MP: 29/29
 40863 | Snake:4  | Received a gift from Trog
 40922 | Snake:4  | Reached skill level 12 in Throwing
 41591 | Snake:5  | Entered Level 5 of the Snake Pit
 41717 | Snake:5  | Received a gift from Trog
 41923 | Snake:5  | Reached skill level 13 in Throwing
 42108 | Snake:5  | Received a gift from Trog
 42535 | Snake:5  | Reached skill level 14 in Throwing
 42600 | Snake:5  | Got a warped eveningstar
 42601 | Snake:5  | Identified the +7 eveningstar "MackTheKnife's Peril" {drain, Noisy rPois Dex+4} (You took it off a naga on level 5 of the Snake Pit)
 43296 | Snake:5  | Received a gift from Trog
 43304 | Snake:5  | Reached skill level 15 in Throwing
 43675 | Snake:5  | Got a serpentine rune of Zot
 44040 | Shoals:1 | Entered Level 1 of the Shoals
 44444 | Shoals:1 | Reached XP level 20. HP: 154/154 MP: 30/30
 44468 | Shoals:1 | Noticed Snorg
 44479 | Shoals:1 | Killed Snorg
 44788 | Vaults:1 | Entered Level 1 of the Vaults
 44840 | Vaults:1 | Received a gift from Trog
 45210 | Vaults:1 | Reached skill level 16 in Throwing
 45583 | Vaults:1 | Got a slimy cutlass
 45584 | Vaults:1 | Identified the cursed +3 cutlass "Crixee" {speed, *Tele Dex-1 Int+1} (You found it on level 1 of the Vaults)
 45998 | Vaults:2 | Received a gift from Trog
 46307 | Vaults:2 | Found a staircase to the Crypt.
 46445 | Vaults:2 | Reached skill level 19 in Fighting
 46608 | Vaults:2 | Received a gift from Trog
 47008 | Vaults:2 | Reached skill level 20 in Dodging
 47209 | Vaults:3 | Found Umap's Armour Emporium.
 47955 | Vaults:3 | Received a gift from Trog
 47984 | Vaults:3 | Reached XP level 21. HP: 150/162 MP: 31/31
 48495 | Vaults:3 | Reached skill level 17 in Throwing
 49141 | Vaults:4 | Received a gift from Trog
 49349 | Vaults:4 | Received a gift from Trog
 49616 | Vaults:4 | Found Lukig's Antique Armour Shop.
 50779 | Shoals:2 | Received a gift from Trog
 50888 | Shoals:2 | Noticed Polyphemus
 50896 | Shoals:2 | Noticed Nessos
 50897 | Shoals:2 | Reached skill level 6 in Shields
 50915 | Shoals:2 | Killed Nessos
 50918 | Shoals:2 | Killed Polyphemus
 51014 | Shoals:2 | Received a gift from Trog
 51014 | Shoals:2 | Reached skill level 7 in Shields
 51173 | Shoals:3 | Noticed Agnes
 51178 | Shoals:3 | Killed Agnes
 51209 | Shoals:3 | Reached skill level 8 in Shields
 51563 | Shoals:3 | Reached skill level 9 in Shields
 51962 | Shoals:4 | Reached skill level 10 in Shields
 52109 | Shoals:4 | Received a gift from Trog
 52401 | Shoals:4 | Reached XP level 22. HP: 171/171 MP: 31/31
 52649 | Shoals:5 | Entered Level 5 of the Shoals
 52870 | Shoals:5 | Got a smoking bone ring
 52871 | Shoals:5 | Identified the ring "Neuzeq" {+Blink rPois rN+ MR++} (You found it on level 5 of the Shoals)
 52937 | Shoals:5 | Noticed Nikola
 52957 | Shoals:5 | Killed Nikola
 52957 | Shoals:5 | Reached skill level 11 in Shields
 53324 | Shoals:5 | Reached skill level 12 in Shields
 53390 | Shoals:5 | Got a barnacled rune of Zot
 53439 | Shoals:5 | Noticed Aizul
 53460 | Shoals:5 | Killed Aizul
 53466 | Shoals:5 | Noticed Ilsuiw
 53489 | Shoals:5 | Killed Ilsuiw
 53978 | Depths:1 | Entered Level 1 of the Depths
 54026 | Depths:1 | Found a gateway to Hell.
 54188 | Depths:1 | Reached skill level 13 in Shields
 54249 | Depths:1 | Received a gift from Trog
 54737 | Depths:1 | Reached skill level 14 in Shields
 54854 | Depths:1 | Found a bloodstained altar of Trog.
 55301 | Depths:2 | Found Ofauwio's Book Emporium.
 55347 | Depths:2 | Received a gift from Trog
 55361 | Depths:2 | Got a slimy pewter ring
 55383 | Depths:2 | Identified the ring of Pride {rPois rF++} (You found it on level 2 of the Depths)
 55475 | Depths:2 | Noticed Saint Roka
 55477 | Depths:2 | Reached skill level 15 in Shields
 55567 | Depths:2 | Killed Saint Roka
 55567 | Depths:2 | Reached skill level 20 in Fighting
 55606 | Depths:2 | Found Brusoig's Magic Scroll Emporium.
 55621 | Depths:2 | Bought a scroll of teleportation for 69 gold pieces
 55621 | Depths:2 | Bought a scroll of summoning for 218 gold pieces
 55621 | Depths:2 | Bought a scroll of identify for 46 gold pieces
 55647 | Depths:2 | Reached XP level 23. HP: 157/176 MP: 32/32
 55669 | Depths:2 | Got a flickering pewter ring
 55672 | Depths:2 | Identified the ring "Isiuh" {+Rage rPois rF+ MR+ Str-3 Slay-1} (You found it on level 2 of the Depths)
 55726 | Depths:2 | Noticed Jorgrun
 55739 | Depths:2 | Killed Jorgrun
 55795 | Depths:2 | Reached skill level 21 in Dodging
 55881 | Depths:2 | Found Urghuj's Antique Armour Emporium.
 55927 | Depths:2 | Noticed Asterion
 55964 | Depths:2 | Killed Asterion
 56006 | Depths:2 | Got a glittering copper ring
 56007 | Depths:2 | Identified the ring of the Dozen Dances {+Fly rF+ rN+ Slay+5} (You found it on level 2 of the Depths)
 56079 | Depths:2 | Reached skill level 18 in Throwing
 56151 | Depths:2 | Found a gateway to a ziggurat.
 56217 | Depths:2 | Received a gift from Trog
 56407 | Depths:2 | Found a gateway to Hell.
 56425 | Hell     | Entered the Vestibule of Hell
 56425 | Hell     | Noticed Geryon
 56637 | Hell     | Killed Geryon
 56637 | Hell     | Reached skill level 19 in Throwing
 56646 | Hell     | Received a gift from Trog
 57092 | Depths:3 | Found a gateway to Hell.
 57378 | Depths:3 | Reached skill level 20 in Throwing
 57708 | Depths:3 | Reached XP level 24. HP: 183/183 MP: 32/32
 57723 | Depths:3 | Found a one-way gate leading to the halls of Pandemonium.
 57724 | Depths:3 | You fall through a shaft for 2 floors!
 57724 | Depths:5 | Entered Level 5 of the Depths
 58037 | Depths:4 | Found Tiuph's Weapon Shop.
 58253 | Depths:3 | Found a one-way gate to the infinite horrors of the Abyss.
 58409 | Depths:3 | Received a gift from Trog
 58529 | Depths:4 | Reached skill level 21 in Throwing
 58649 | Depths:4 | Received a gift from Trog
 59134 | Depths:4 | Found a gateway to Hell.
 59212 | Depths:4 | Noticed Amnekian's ghost (great OgBe)
 59239 | Depths:4 | Killed Amnekian's ghost
 59258 | Depths:4 | Reached skill level 22 in Throwing
 59611 | Depths:5 | Noticed Boris
 59938 | Depths:5 | Killed Boris
 60183 | Depths:5 | Found a gate to the Realm of Zot.
 60253 | Depths:5 | Reached XP level 25. HP: 189/189 MP: 33/33
 60292 | Depths:5 | Reached skill level 23 in Throwing
 60495 | Depths:5 | Found a gateway to Hell.
 60701 | Depths:1 | Received a gift from Trog
 61215 | Vaults:5 | Entered Level 5 of the Vaults
 61346 | Vaults:5 | Noticed an ancient lich
 61366 | Vaults:5 | Killed an ancient lich
 61685 | Vaults:5 | Reached skill level 24 in Throwing
 61942 | Vaults:5 | Got a silver rune of Zot
 62278 | Vaults:5 | Noticed an ancient lich
 62302 | Vaults:5 | Killed an ancient lich
 62370 | Vaults:5 | Reached skill level 25 in Throwing
 62511 | Vaults:5 | Reached XP level 26. HP: 188/196 MP: 33/33
 62621 | Vaults:5 | Received a gift from Trog
 62807 | Vaults:5 | Got a crystal lajatang
 62808 | Vaults:5 | Identified the +8 lajatang of Twoeheaf {venom, +Rage rElec rC+ SInv} (You took it off a vault guard on level 5 of the Vaults)
 63247 | Zot:1    | Entered Level 1 of the Realm of Zot
 63442 | Zot:1    | Reached skill level 26 in Throwing
 64999 | Zot:2    | Received a gift from Trog
 65202 | Zot:2    | Reached skill level 27 in Throwing
 65657 | Zot:3    | Reached XP level 27. HP: 201/203 MP: 34/34
 65730 | Zot:3    | Received a gift from Trog
 65844 | Zot:3    | Reached skill level 21 in Fighting
 65958 | Zot:3    | Noticed an orb of fire
 65959 | Zot:3    | Gained mutation: Your vision is a little blurry. [an orb of fire]
 65989 | Zot:3    | Killed an orb of fire
 66926 | Zot:4    | Reached skill level 22 in Fighting
 67260 | Zot:4    | Received a gift from Trog
 67928 | Orc:2    | Fell from the grace of Trog
 67928 | Orc:2    | Became a worshipper of the Shining One
 68209 | Crypt:1  | Entered Level 1 of the Crypt
 68240 | Crypt:1  | Was placed under penance by the Shining One
 68240 | Crypt:1  | Was forgiven by the Shining One
 68291 | Crypt:1  | Noticed Khufu
 68842 | Crypt:1  | Acquired the Shining One's first power
 68908 | Crypt:1  | Reached skill level 13 in Maces & Flails
 69331 | Crypt:1  | Killed Khufu
 69331 | Crypt:1  | Reached skill level 14 in Maces & Flails
 69520 | Crypt:2  | Noticed Sojobo
 69539 | Crypt:2  | Killed Sojobo
 70248 | Crypt:2  | Acquired the Shining One's second power
 70436 | Crypt:3  | Entered Level 3 of the Crypt
 70517 | Crypt:3  | Reached skill level 15 in Maces & Flails
 70855 | Crypt:3  | Found an ancient bone altar of Kikubaaqudgha.
 70996 | Crypt:3  | Reached skill level 16 in Maces & Flails
 71071 | Crypt:3  | Got a pitted lajatang
 71072 | Crypt:3  | Identified the cursed -2 lajatang "Decweare" {freeze, +Inv rC+} (You found it on level 3 of the Crypt)
 71102 | Crypt:3  | Acquired the Shining One's third power
 71149 | Crypt:3  | Identified the Disquisition on Hexes
 71215 | Crypt:3  | HP: 17/209 [jiangshi (19)]
 71215 | Crypt:3  | The Shining One protects you from harm!
 71215 | Crypt:3  | HP: 4/209 [flayed ghost (9)]
 71610 | Crypt:3  | Reached skill level 17 in Maces & Flails
 71678 | Crypt:3  | Reached skill level 2 in Invocations
 71702 | Crypt:3  | Identified Cigotuvi's Collected Works on Evil
 71838 | Crypt:3  | Reached skill level 3 in Invocations
 71876 | Crypt:3  | Got a smoking bone ring
 71921 | Crypt:3  | Identified the ring "Qahel" {rC+ rN+ Str+2} (You found it on level 3 of the Crypt)
 71928 | Crypt:3  | Got a crude ivory ring
 71928 | Crypt:3  | Got a transparent wooden ring
 71930 | Crypt:3  | Identified the ring of Saerr {rPois rC+ rN+} (You found it on level 3 of the Crypt)
 71933 | Crypt:3  | Identified the ring "Klynwa" {rN+ Str+2 Dex+3} (You found it on level 3 of the Crypt)
 71975 | Crypt:3  | Acquired the Shining One's fourth power
 71981 | Crypt:3  | Noticed Jory
 71985 | Crypt:3  | Reached skill level 4 in Invocations
 71998 | Crypt:3  | Killed Jory
 71999 | Crypt:3  | Found a staircase to the Tomb.
 72234 | Crypt:1  | Reached skill level 5 in Invocations
 72570 | Depths:3 | Voluntarily entered the Abyss.
 72745 | Abyss:3  | Reached skill level 6 in Invocations
 72816 | Abyss:3  | Reached skill level 7 in Invocations
 73004 | Abyss:3  | Reached skill level 8 in Invocations
 73097 | Abyss:3  | Found a corrupted altar of Lugonu.
 73228 | Abyss:3  | Paralysed by accursed screaming for 1 turns
 73232 | Abyss:3  | Reached skill level 9 in Invocations
 73467 | Abyss:3  | Reached skill level 10 in Invocations
 73588 | Abyss:3  | Found a corrupted altar of Lugonu.
 73689 | Abyss:3  | Reached skill level 11 in Invocations
 73868 | Abyss:3  | Got an abyssal rune of Zot
 73994 | Abyss:3  | Reached skill level 12 in Invocations
 74016 | Depths:3 | Escaped the Abyss
 74471 | Lair:2   | Lost mutation: You can spit poison. [potion of cure mutation]
 74471 | Lair:2   | Lost mutation: You have difficulty communicating with the divine. [potion of cure mutation]
 74471 | Lair:2   | Lost mutation: Your vision is a little blurry. [potion of cure mutation]
 74471 | Lair:2   | Lost mutation: Your spells are a little harder to cast, but a little more powerful. [potion of cure mutation]
 74471 | Lair:2   | Lost mutation: Potions and wands are less effective at restoring your health. [potion of cure mutation]
 74879 | Depths:3 | Voluntarily entered the Abyss.
 74952 | Abyss:1  | Reached skill level 13 in Invocations
 75398 | Abyss:1  | Reached skill level 14 in Invocations
 75407 | Abyss:1  | Was forgiven by Trog
 75428 | Depths:3 | Escaped the Abyss
 75809 | Orc:2    | Identified a +9 Blessed Scourge (a +8 antimagic demon whip blessed by the Shining One)
 76191 | Slime:1  | Entered Level 1 of the Pits of Slime
 76518 | Slime:2  | Reached skill level 15 in Invocations
 76939 | Slime:6  | Entered Level 6 of the Pits of Slime
 76968 | Slime:6  | Gained mutation: Your body is misshapen. [a shining eye]
 77271 | Slime:5  | Reached skill level 16 in Invocations
 77735 | Slime:6  | Found a viscous altar of Jiyva.
 77737 | Slime:6  | Noticed the royal jelly
 77786 | Slime:6  | Killed the royal jelly
 77786 | Slime:6  | Reached skill level 17 in Invocations
 77997 | Slime:6  | Got a glittering bronze ring
 77999 | Slime:6  | Identified the ring "Dele" {Contam Str+2 SInv} (You found it on level 6 of the Pits of Slime)
 78031 | Slime:6  | Identified the Volume of Protection and the Voyage (You found it on level 6 of the Pits of Slime)
 78315 | Slime:6  | Got a slimy rune of Zot
 78317 | Slime:6  | Identified Wanuow's Catalogue of Unholy Secrets
 78522 | Lair:2   | Learned a level 6 spell: Haste
 78776 | Pan      | Entered Pandemonium
 79164 | Pan      | Reached skill level 18 in Invocations
 79174 | Pan      | Noticed Egesch the pandemonium lord
 79188 | Pan      | Killed Egesch the pandemonium lord
 79363 | Pan      | Found an exit through the horrors of the Abyss.
 79372 | Pan      | Found an exit through the horrors of the Abyss.
 79557 | Pan      | Noticed Vomene the pandemonium lord
 79578 | Pan      | Reached skill level 19 in Invocations
 79584 | Pan      | Killed Vomene the pandemonium lord
 79787 | Pan      | Noticed Loshruenk the pandemonium lord
 79862 | Pan      | Killed Loshruenk the pandemonium lord
 79876 | Pan      | Got a demonic rune of Zot
 79959 | Pan      | Noticed Bloful the pandemonium lord
 79967 | Pan      | Reached skill level 20 in Invocations
 79990 | Pan      | Killed Bloful the pandemonium lord
 80294 | Pan      | Got a flickering bone amulet
 80303 | Pan      | Identified Mnizof's Papyrus of Ashen Attacks
 80306 | Pan      | Identified the amulet "Akadigg" {Clar Str-5 Dex-1} (You found it in Pandemonium)
 80542 | Pan      | Reached skill level 21 in Invocations
 80785 | Pan      | Gained mutation: You are clumsy. (Dex -2) [a neqoxec]
 81325 | Pan      | Noticed Pyesaots the pandemonium lord
 81329 | Pan      | Reached skill level 1 in Charms
 81334 | Pan      | Killed Pyesaots the pandemonium lord
 81334 | Pan      | Reached skill level 3 in Charms
 81474 | Pan      | Reached skill level 4 in Charms
 81526 | Pan      | Noticed Risa the pandemonium lord
 81532 | Pan      | Reached skill level 5 in Charms
 81534 | Pan      | Killed Risa the pandemonium lord
 81600 | Pan      | Found an exit through the horrors of the Abyss.
 81630 | Pan      | Reached skill level 6 in Charms
 81687 | Pan      | Noticed Crosu the pandemonium lord
 81697 | Pan      | Killed Crosu the pandemonium lord
 81700 | Pan      | Reached skill level 7 in Charms
 81896 | Pan      | Noticed Inlad the pandemonium lord
 81897 | Pan      | Reached skill level 8 in Charms
 81911 | Pan      | Killed Inlad the pandemonium lord
 81933 | Pan      | Reached skill level 9 in Charms
 81955 | Pan      | Found an exit through the horrors of the Abyss.
 82068 | Pan      | Got a sparkling golden ring
 82069 | Pan      | Identified the ring "Vuimnae" {rPois AC+5} (You acquired it in Pandemonium)
 82204 | Pan      | Reached skill level 10 in Charms
 82247 | Pan      | Noticed Vurysell the pandemonium lord
 82262 | Pan      | Killed Vurysell the pandemonium lord
 82277 | Pan      | Reached skill level 11 in Charms
 82364 | Pan      | Reached skill level 12 in Charms
 82388 | Pan      | Entered the realm of Lom Lobon.
 82782 | Pan      | Found an exit through the horrors of the Abyss.
 82940 | Pan      | Noticed Lom Lobon
 82967 | Pan      | Killed Lom Lobon
 82967 | Pan      | Reached skill level 13 in Charms
 82998 | Pan      | Got a magical rune of Zot
 83413 | Pan      | Found a white marble altar of Elyvilon.
 83437 | Pan      | Reached skill level 14 in Charms
 83974 | Pan      | Reached skill level 15 in Charms
 84534 | Pan      | Found a glowing silver altar of Zin.
 84773 | Pan      | Reached skill level 16 in Charms
 85215 | Pan      | Reached skill level 17 in Charms
 85315 | Pan      | Found a glowing golden altar of the Shining One.
 85335 | Pan      | Reached skill level 22 in Invocations
 85353 | Pan      | Identified the Tome of the Dusty Oath
 85355 | Pan      | Identified Sif Muna's Reference Book on Scorching Enhancements (You found it in Pandemonium)
 85363 | Pan      | Learned a level 2 spell: Repel Missiles
 85367 | Pan      | Learned a level 3 spell: Spectral Weapon
 85371 | Pan      | Learned a level 3 spell: Flight
 85717 | Pan      | Found an exit through the horrors of the Abyss.
 85908 | Pan      | Reached skill level 23 in Invocations
 86172 | Pan      | Entered the realm of Mnoleg.
 86270 | Pan      | Found an exit through the horrors of the Abyss.
 86297 | Pan      | Gained mutation: You occasionally shout uncontrollably at your foes. [a neqoxec]
 86563 | Pan      | Noticed Mnoleg
 86591 | Pan      | Killed Mnoleg
 86591 | Pan      | Reached skill level 24 in Invocations
 86631 | Pan      | Got a glowing rune of Zot
 86734 | Pan      | Noticed Doyjyibb the pandemonium lord
 86747 | Pan      | Killed Doyjyibb the pandemonium lord
 87034 | Pan      | Entered the realm of Gloorx Vloq.
 87054 | Pan      | Reached skill level 25 in Invocations
 87233 | Pan      | Found an exit through the horrors of the Abyss.
 87870 | Pan      | Noticed Gloorx Vloq
 87881 | Pan      | Killed Gloorx Vloq
 87881 | Pan      | Reached skill level 26 in Invocations
 87890 | Pan      | Got a dark rune of Zot
 87978 | Pan      | Entered the realm of Cerebov.
 88018 | Pan      | Noticed Cerebov
 88222 | Pan      | Killed Cerebov
 88446 | Pan      | Identified Sif Muna's Disquisition on Malediction
 88449 | Pan      | Identified Roybuqim's Handbook of the Destructive Arsonist
 88454 | Pan      | Got a glittering iron ring
 88455 | Pan      | Identified the ring of Ghonwal {rPois rC++ MR+ Int+4} (You found it in Pandemonium)
 88465 | Pan      | Got a scintillating pewter amulet
 88466 | Pan      | Identified the amulet of Imuoziha {Spirit Int-2} (You found it in Pandemonium)
 88475 | Pan      | Identified the Tome of the Volcanoes
 88504 | Pan      | Got a fiery rune of Zot
 88552 | Pan      | Found an exit through the horrors of the Abyss.
 88566 | Pan      | Reached skill level 27 in Invocations
 88989 | Pan      | Reached skill level 22 in Dodging
 89092 | Pan      | Found an exit through the horrors of the Abyss.
 89274 | Pan      | Noticed Nionofaaf the pandemonium lord
 89279 | Pan      | Killed Nionofaaf the pandemonium lord
 89312 | Depths:3 | Escaped Pandemonium
 89380 | Depths:3 | Reached skill level 23 in Dodging
 89450 | Hell     | Found a gateway to the decaying netherworld of Tartarus.
 89477 | Tar:1    | Entered Level 1 of Tartarus
 89477 | Tar:1    | Found a gateway to Hell.
 89657 | Tar:3    | Found a gateway to Hell.
 89660 | Tar:4    | Found a gateway to Hell.
 89660 | Tar:4    | Found a gateway to Hell.
 89664 | Tar:5    | Found a gateway to Hell.
 89784 | Tar:6    | Found a gateway to Hell.
 89912 | Tar:6    | Found a gateway to Hell.
 89960 | Tar:6    | Reached skill level 24 in Dodging
 90279 | Tar:7    | Entered Level 7 of Tartarus
 90279 | Tar:7    | Found a gateway to Hell.
 90280 | Tar:7    | Found a gateway to Hell.
 90472 | Tar:7    | Reached skill level 23 in Fighting
 90551 | Tar:7    | Noticed an ancient lich
 90554 | Tar:7    | Killed an ancient lich
 90580 | Tar:7    | Noticed Ereshkigal
 91023 | Tar:7    | Killed Ereshkigal
 91039 | Tar:7    | Got a bone rune of Zot
 91222 | Hell     | Reached skill level 24 in Fighting
 91235 | Hell     | Found a gateway to the ashen valley of Gehenna.
 91248 | Geh:1    | Entered Level 1 of Gehenna
 91248 | Geh:1    | Found a gateway to Hell.
 91367 | Geh:2    | Found a gateway to Hell.
 91377 | Geh:3    | Found a gateway to Hell.
 91549 | Geh:3    | Found a gateway to Hell.
 91608 | Geh:4    | Found a gateway to Hell.
 91832 | Geh:4    | Found a gateway to Hell.
 91858 | Geh:5    | Found a gateway to Hell.
 91862 | Geh:5    | Found a gateway to Hell.
 91924 | Geh:6    | Found a gateway to Hell.
 91953 | Geh:6    | Found a gateway to Hell.
 91975 | Geh:7    | Entered Level 7 of Gehenna
 92016 | Geh:7    | Reached skill level 25 in Fighting
 92231 | Geh:7    | Noticed the Serpent of Hell
 92248 | Geh:7    | HP: 19/217 [the Serpent of Hell/blast of hellfire (22)]
 92250 | Geh:7    | HP: 1/217 [hellion/burst of hellfire (17)]
 92251 | Geh:7    | Killed from afar by a balrug

Vanquished Creatures
  Cerebov (Pan)
  the royal jelly (Slime:6)
  Ereshkigal (Tar:7)
  Gloorx Vloq (Pan)
  Mnoleg (Pan)
  Lom Lobon (Pan)
  An orb of fire (Zot:3)
  Khufu (Crypt:1)
  3 ancient liches
  The ghost of Amnekian the Shatterer, a great OgBe of Trog (Depths:4)
  2 greater mummies (Crypt:1)
  Saint Roka (Depths:2)
  Boris (Depths:5)
  A seraph (Pan)
  A curse toe (Zot:4)
  Sojobo (Crypt:2)
  Norris (D:14)
  3 Killer Klowns
  Mara (Elf:3)
  Geryon (Hell)
  11 pandemonium lords (Pan)
  7 golden dragons
  A profane servitor (Crypt:3)
  Jory (Crypt:3)
  3 electric golems
  Nikola (Shoals:5)
  4 bone dragons
  11 Brimstone Fiends
  2 pearl dragons (Pan)
  19 angels
  10 liches
  9 Hell Sentinels
  19 tentacled monstrosities
  10 Ice Fiends (Pan)
  2 deep elf blademasters (Elf:3)
  5 titans
  19 Shadow Fiends
  26 Executioners
  A deep elf master archer (Elf:3)
  2 quicksilver dragons (Vaults:5)
  3 sphinxes
  22 acid blobs
  Polyphemus (Shoals:2)
  An azure jelly (shapeshifter) (Vaults:5)
  11 storm dragons
  2 krakens
  12 tentacled starspawn
  Rupert (D:14)
  Agnes (Shoals:3)
  6 shadow dragons
  13 daevas
  3 ancient champions
  3 revenants
  2 draconian monks
  6 tengu reavers
  11 azure jellies
  Ilsuiw (Shoals:5)
  6 frost giants
  Wiglaf (Snake:2)
  8 draconian knights
  8 fire giants
  4 emperor scorpions
  4 draconian scorchers
  11 deep elf sorcerers
  The ghost of Ololoev the Gelid, a mighty OpIE of Vehumet (Elf:3)
  17 vault wardens
  The ghost of Herrn the Severer, a mighty VSFi of Sif Muna (Elf:3)
  11 greater nagas
  An orc warlord (Vaults:5)
  Aizul (Shoals:5)
  10 warmongers (Pan)
  3 ghouls (Crypt:3)
  A curse skull (Crypt:1)
  28 balrugs
  A ghost moth (Zot:4)
  9 cacodemons
  5 draconian zealots
  16 very ugly things
  25 reapers
  Jorgrun (Depths:2)
  8 blood saints (Pan)
  7 draconian annihilators
  A spriggan defender (Depths:2)
  3 draconian shifters
  43 stone giants
  13 ophanim (Pan)
  4 salamander firebrands
  2 draconian callers
  21 apis (Pan)
  7 deep elf demonologists
  5 purple draconians
  5 green draconians
  6 grey draconians
  6 deep elf annihilators
  4 black draconians
  2 vampire knights
  6 chaos champions (Pan)
  6 corrupters (Pan)
  4 mottled draconians
  6 pale draconians
  3 red draconians
  4 white draconians
  7 lorocyprocas
  2 yellow draconians
  10 black suns (Pan)
  9 dire elephants
  20 blizzard demons
  2 unborn
  An eidolon (Crypt:1)
  8 ettins
  2 minotaurs
  Snorg (Shoals:1)
  11 deep elf death magi
  11 green deaths
  5 death oozes
  A quicksilver dragon zombie (Geh:3)
  8 merfolk javelineers
  20 fire dragons
  A spectral golden dragon (Crypt:3)
  7 merfolk impalers
  Josephine (D:15)
  21 jiangshi
  17 ironheart preservers
  12 death cobs
  13 ogre magi
  5 deep elf high priests
  13 great orbs of eyes
  Fannar (Lair:6)
  16 ice dragons
  25 vault guards
  A ravenous item mimic (Vaults:5)
  7 rakshasas
  17 yaktaur captains
  27 naga warriors
  3 quicksilver dragon skeletons
  11 monstrous demonspawn
  9 centaur warriors
  11 hydras
  Erica (D:14)
  2 ghost crabs (Crypt:1)
  3 spriggan air magi
  4 sirens
  An alligator snapping turtle (Shoals:5)
  3 death knights
  5 anacondas
  8 merfolk aquamancers
  10 deep troll earth magi
  9 thrashing horrors (Abyss:3)
  27 death yaks
  12 dancing weapons
  4 satyrs
  11 tengu warriors
  5 deep troll shamans
  An orc high priest (Elf:1)
  A titan zombie (Hell)
  9 hell hogs
  54 large abominations
  13 naga sharpshooters
  10 spriggan berserkers
  29 deep elf knights
  4 vampire magi
  26 sun demons
  4 catoblepae
  2 titan skeletons
  4 salamander mystics
  30 hell knights
  5 wretched stars
  2 spatial maelstroms (Abyss:3)
  12 shadow wraiths
  5 shock serpents
  A golden dragon zombie (Tar:7)
  53 skeletal warriors
  An iron troll (Crypt:2)
  A sea snake (shapeshifter) (Vaults:5)
  16 soul eaters
  17 cherubim (Pan)
  2 fire crabs
  10 ice devils
  12 sea snakes
  2 storm dragon skeletons
  2 ghost moth zombies
  A death drake (Tar:5)
  16 gelid demonspawn (Pan)
  16 infernal demonspawn (Pan)
  10 flayed ghosts
  A spectral iron dragon (Crypt:3)
  36 deep trolls
  2 unseen horrors (Vaults:1)
  17 torturous demonspawn
  19 deep elf conjurers
  A swamp dragon (Pan)
  An ice statue (Pan)
  5 naga ritualists (Snake:5)
  13 ironbrand convokers
  15 necromancers
  19 deep elf summoners
  An orb spider (shapeshifter) (Depths:4)
  31 hill giants
  A shadow dragon zombie (Geh:1)
  32 hellions
  9 shadow demons
  8 wizards
  Pikel (D:5)
  2 golden dragon skeletons
  8 giant orange brains
  10 putrid demonspawn (Pan)
  9 griffons
  3 red wasps
  26 harpies
  3 wolf spider zombies
  3 iron dragon zombies
  A water nymph (shapeshifter) (D:12)
  10 fauns
  5 stone giant zombies
  10 orc knights
  A mana viper (Snake:1)
  2 wolf spiders
  3 draconian zombies (Zot:2)
  15 phantasmal warriors
  70 ugly things
  77 slime creatures
  3 water nymphs
  2 shadow dragon skeletons
  A fire giant zombie (Hell)
  7 orc sorcerers
  3 shining eyes
  26 salamanders
  22 elephants
  3 frost giant zombies
  10 manticores
  4 eyes of devastation
  23 black mambas
  A guardian serpent (shapeshifter) (Vaults:4)
  13 moths of wrath
  30 smoke demons
  30 sixfirhies
  3 cyclopes
  4 fire giant skeletons
  3 frost giant skeletons
  19 naga magi
  14 small abominations
  34 orange demons
  3 toenail golems (Volcano)
  Joseph (D:7)
  14 vault sentinels
  3 worldbinders (Abyss:3)
  9 guardian serpents
  An elf zombie (Vaults:5)
  7 mermaids
  3 stone giant skeletons
  6 molten gargoyles
  A gargoyle (D:14)
  9 spiny frogs
  3 apocalypse crabs (Abyss:3)
  A dire elephant skeleton (Geh:5)
  An elf skeleton (Vaults:5)
  12 tormentors
  A komodo dragon (shapeshifter) (Depths:5)
  A centaur skeleton (D:15)
  A kobold demonologist (Vaults:1)
  9 komodo dragons
  49 yaktaurs
  2 black draconian zombies
  4 iron devils
  11 demonic crawlers
  A queen bee (Lair:4)
  15 deep elf priests
  9 trolls
  2 tengu conjurers
  An elf (shapeshifter) (Elf:1)
  8 efreet
  2 harpy zombies
  A tengu simulacrum (Vaults:2)
  2 wolf spider simulacra (IceCv)
  10 blue devils
  26 merfolk
  A green draconian skeleton (Pan)
  5 ancient zymes
  A ghoul skeleton (Crypt:3)
  A red draconian skeleton (Crypt:2)
  A spriggan druid (Lair:8)
  4 hydra zombies
  14 freezing wraiths
  An iron troll skeleton (Crypt:1)
  A jumping spider (Depths:2)
  2 polar bears (shapeshifter)
  16 polar bears
  40 red devils
  Sonja (Orc:4)
  28 hellwings
  A fire vortex (Pan)
  4 wandering mushrooms
  A wind drake (Shoals:5)
  12 ravens
  A catoblepas zombie (Geh:6)
  17 raiju (Abyss:3)
  26 two-headed ogres
  4 boulder beetles
  12 snapping turtles
  5 blink frogs
  An ettin zombie (Geh:3)
  A baby alligator (shapeshifter) (Depths:3)
  3 hydra skeletons
  3 silent spectres
  A raiju (shapeshifter) (Vaults:5)
  A harpy skeleton (Geh:4)
  A griffon zombie (D:13)
  An ice dragon zombie (Geh:4)
  2 alligator zombies
  2 basilisks
  A catoblepas skeleton (Pan)
  3 fire dragon zombies
  9 redbacks
  A tarantella (Depths:1)
  A redback (shapeshifter) (Elf:2)
  4 ettin skeletons
  10 spriggans
  A wyvern (Lair:6)
  35 ynoxinuls
  An alligator skeleton (Geh:3)
  2 ice dragon skeletons
  14 shadows
  98 flying skulls
  4 air elementals
  21 wraiths
  A fire dragon skeleton (D:15)
  2 tarantellas (shapeshifter)
  10 fire elementals
  6 chaos spawn
  A black mamba skeleton (Geh:3)
  18 water elementals
  39 yaks
  8 vampires
  25 neqoxecs
  34 deep elf magi
  11 vampire mosquitoes
  A steam dragon (D:12)
  36 deep elf fighters
  22 humans
  4 fire bats (Orc:4)
  5 hungry ghosts
  A yak (shapeshifter) (Elf:3)
  6 hippogriffs
  A golden eye (Abyss:3)
  6 wargs
  A death yak simulacrum (IceCv)
  9 hell beasts
  32 wolves
  11 porcupines
  Edmund (D:6)
  Menkaure (D:5)
  67 nagas
  6 spatial vortices (Abyss:3)
  3 human zombies
  A catoblepas simulacrum (D:14)
  A harpy simulacrum (Crypt:3)
  19 water moccasins
  34 hell hounds
  13 ice beasts
  4 human skeletons
  A slave (D:5)
  A spider (D:9)
  A spiny frog skeleton (Tar:7)
  A snapping turtle zombie (Crypt:1)
  A black bear (shapeshifter) (Depths:4)
  2 deep troll skeletons (Crypt:2)
  A ghost crab zombie (Crypt:1)
  13 black bears
  2 sky beasts
  8 phantoms
  34 orc warriors
  34 starcursed masses
  15 necrophages
  60 ogres
  19 centaurs
  7 yellow wasps
  2 boggarts (Depths:2)
  A swamp dragon skeleton (Pan)
  2 boring beetles
  A yellow wasp (shapeshifter) (Depths:2)
  15 crocodiles
  A lost soul (Crypt:3)
  A spectral human (Crypt:3)
  Duvessa (D:7)
  A gnoll sergeant (D:12)
  A yaktaur zombie (D:15)
  2 big kobolds
  25 giant frogs
  An earth elemental (Abyss:3)
  A deep troll simulacrum (Vaults:3)
  2 cyclops zombies
  4 eyes of draining
  A wyvern skeleton (D:6)
  A cyclops skeleton (Crypt:2)
  A scorpion (D:10)
  26 killer bees
  A snapping turtle simulacrum (Crypt:3)
  An elephant simulacrum (IceCv)
  A spriggan skeleton (Tar:6)
  36 wights
  5 electric eels
  A troll skeleton (Crypt:1)
  25 orc priests
  A yellow wasp zombie (D:10)
  A centaur zombie (D:7)
  Dowan (D:7)
  7 draconian simulacra (IceCv)
  6 goliath beetles
  20 jellies
  8 iron imps
  A two-headed ogre zombie (D:12)
  17 crimson imps
  A soldier ant zombie (Crypt:1)
  A basilisk skeleton (D:15)
  10 hounds
  2 giant frog skeletons
  5 iguanas
  41 orc wizards
  Natasha (D:3)
  10 orange rats
  7 quasits
  5 lightning spires (Abyss:3)
  4 troll simulacra
  2 spriggan simulacra (IceCv)
  12 sheep
  7 worker ants
  A demigod zombie (Crypt:1)
  An ogre zombie (D:5)
  A sky beast zombie (D:6)
  3 centaur simulacra (IceCv)
  Ijyb (D:7)
  A necrophage skeleton (Crypt:3)
  A tengu skeleton (Tar:7)
  4 mummies
  5 gnolls
  An orange rat zombie (Crypt:2)
  26 adders
  27 green rats
  2 ogre simulacra (IceCv)
  5 orc zombies
  10 shadow imps
  13 white imps
  3 giant mites
  5 worms
  38 ufetubi
  4 orc skeletons
  3 giant eyeballs
  7 giant geckos
  3 oozes
  237 orcs
  8 ball pythons
  17 bats
  A bat skeleton (D:5)
  9 giant cockroaches
  13 goblins
  19 hobgoblins
  12 jackals
  17 quokkas
  A giant gecko zombie (Crypt:1)
  4 giant newts
  2 giant spores
  A hobgoblin zombie (Crypt:2)
  A jackal skeleton (Crypt:2)
  20 kobolds
  A kobold skeleton (D:6)
  A lurking horror (Abyss:3)
  A quokka skeleton (Crypt:2)
  22 rats
  A fungus (Elf:3)
  9 grand avatars (Pan)
  2 plants
  8 starspawn tentacles
  5 tentacles
4359 creatures vanquished.

Vanquished Creatures (collateral kills)
  A stone giant (Depths:5)
  A merfolk impaler (Shoals:5)
  A merfolk javelineer (Shoals:5)
  An ice dragon (Depths:5)
  Nessos (Shoals:2)
  3 death yaks
  2 dancing weapons (Elf:2)
  A catoblepas (Shoals:2)
  A harpy (Shoals:2)
  An ice statue (IceCv)
  2 manticores
  A spiny frog (Lair:8)
  8 freezing wraiths (IceCv)
  2 blink frogs (Lair:8)
  A basilisk (Lair:5)
  4 yaks
  2 orc warriors (D:9)
  An ice beast (IceCv)
  A draconian simulacrum (IceCv)
  2 hounds (Lair:2)
  A centaur simulacrum (IceCv)
  A naga simulacrum (IceCv)
  3 white imps (IceCv)
  An orc (D:9)
43 creatures vanquished.

Vanquished Creatures (others)
  Asterion (Depths:2)
  An eldritch tentacle (Geh:4)
  2 daevas (Slime:6)
  A fire giant (Depths:3)
  A draconian scorcher (Zot:3)
  An angel (Slime:6)
  A spectral weapon (Tar:7)
  A deep elf high priest (Vaults:5)
  A fire dragon (Geh:7)
  An ogre mage (Vaults:3)
  A dancing weapon (Pan)
  A death yak (Depths:1)
  A spriggan berserker (Depths:3)
  A soul eater (Pan)
  A deep troll (Shoals:2)
  An ice devil (Hell)
  2 ball lightnings (Pan)
  A smoke demon (Pan)
  A drowned soul (Shoals:2)
  A troll (IceCv)
  2 two-headed ogres
  A tarantella (shapeshifter) (Depths:3)
  An air elemental (Depths:5)
  3 spriggans (Depths:3)
  An ice dragon skeleton (Geh:7)
  A fire dragon skeleton (Geh:7)
  A chaos spawn (Pan)
  A golden eye (shapeshifter) (Abyss:3)
  2 nagas (Snake:5)
  3 yellow wasps (Depths:3)
  4 ogres
  A slave (D:5)
  An orc warrior (Depths:2)
  A necrophage (Tar:7)
  A small abomination (Abyss:3)
  9 lost souls
  An orange rat (Elf:2)
  2 quasits (Abyss:3)
  A lightning spire (Abyss:3)
  5 ufetubi (Pan)
  An orc (Orc:4)
  A goblin (D:5)
  A giant spore (Abyss:3)
  A lurking horror (Abyss:1)
  5 Mnoleg's tentacles (Pan)
  10 Mnoleg's tentacle segments (Pan)
  A ballistomycete (Abyss:3)
  2 crawling corpses (Vaults:4)
  54 eldritch tentacle segments (Geh:4)
  2 fungi (Lair:8)
  5 plants
  18 starspawn tentacles
  172 starspawn tentacle segments
  9 tentacles
  409 tentacle segments
  12 toadstools (D:7)
767 creatures vanquished.

Grand Total: 5169 creatures vanquished
